Map: Neon Violet Square LE

Players

brothermonk

  • Race: Terran Terran
  • League: Silver
  • Spawn Location: 11:00

USA - Winner!

  • Race: Protoss Protoss
  • League: Gold
  • Spawn Location: 5:00

VOD

Have the link to the VOD?

Description

PvT - Disruptions

Time

  • Played on: Dec. 5, 2017, 2:42 p.m.
  • Length: 7:32
Show
View Real Time Build Order
Export as new Build Order

brothermonk Terran 

Build Orders:  

Get SALT Encoding   

  12  0:01  SCV  
  13  0:13  SCV  
  14  0:26  SCV  
  15  0:32  Supply Depot  
  15  0:37  Supply Depot  
  15  0:45  Supply Depot  
  15  0:49  Refinery  
  15  1:01  Barracks  
  15  1:07  SCV  
  16  1:19  SCV  
  17  1:31  SCV  
  18  1:35  Barracks  
  18  1:46  Refinery  
  18  1:53  Marine  
  19  2:06  SCV  
  20  2:17  Barracks Reactor  
  20  2:18  SCV  
  21  2:25  Barracks Reactor  
  21  2:30  SCV  
  22  2:57  Marine x2  
  24  3:03  Marine  
  24  3:04  Marine  
  26  3:14  Marine  
  26  3:15  Marine  
  28  3:21  Marine  
  28  3:24  Marine  
  30  3:27  Barracks, Command Center  
  30  3:32  Marine x2  
  32  3:39  Marine  
  33  3:50  Marine  
  33  3:51  Marine x2  
  36  3:57  Marine  
  37  4:08  Marine x2  
  39  4:35  Supply Depot  
  39  4:39  Marine x4  
  39  4:45  Supply Depot  
  40  4:54  Supply Depot  
  40  4:56  Marine x2  
  39  5:14  Barracks Tech Lab  
  36  5:21  Supply Depot  
  36  5:22  Supply Depot  
  36  5:28  Supply Depot  
  33  5:56  Supply Depot  
  23  6:04  Marine  
  23  6:05  Marine x3  
  22  6:22  Marine  
  23  6:36  Marine x3  
  22  6:40  Marine  
  23  6:53  Marine  
  24  6:54  Marine  
  24  6:59  Engineering Bay  
  25  7:09  Factory  
Show
View Real Time Build Order
Export as new Build Order

USA Protoss - Winner!

Build Orders:  

Get SALT Encoding   

  12  0:02  Probe  
  13  0:14  Probe  
  13  0:19  Pylon  
  14  0:27  Probe  
  15  0:39  Probe  
  16  0:53  Gateway, Probe (Chrono Boost)  
  17  0:57  Assimilator  
  18  1:04  Probe (Chrono Boost)  
  18  1:07  Probe (Chrono Boost)  
  20  1:19  Probe (Chrono Boost)  
  20  1:23  Probe (Chrono Boost)  
  21  1:28  Assimilator  
  21  1:33  Probe  
  22  1:44  Cybernetics Core  
  22  1:45  Probe  
  23  1:47  Pylon  
  23  2:07  Probe  
  24  2:10  Nexus  
  24  2:14  Assimilator  
  24  2:19  Probe  
  25  2:27  Robotics Facility  
  25  2:29  Warp Gate  
  25  2:37  Pylon  
  25  2:41  Probe  
  26  2:51  Stalker  
  28  2:53  Probe  
  29  3:01  Shield Battery  
  29  3:05  Probe  
  30  3:17  Robotics Bay, Probe  
  31  3:24  Forge  
  31  3:27  Probe  
  32  3:38  Probe  
  32  3:39  Probe  
  36  3:48  Stalker  
  36  3:50  Warp Prism (Chrono Boost)  
  36  3:52  Probe  
  36  3:55  Probe  
  40  4:00  Protoss Ground Weapons Level 1  
  40  4:08  Pylon  
  40  4:11  Disruptor (Chrono Boost)  
  43  4:29  Assimilator, Probe  
  43  4:30  Probe  
  45  4:31  Gravitic Drive (Chrono Boost)  
  42  5:05  Probe x2  
  47  5:14  Disruptor (Chrono Boost)  
  47  5:17  Probe x2  
  48  5:29  Probe x2  
  50  5:41  Probe  
  51  5:57  Gateway  
  51  5:59  Gateway  
  51  6:01  Gateway  
  49  6:23  Warp Prism (Chrono Boost)  
  51  6:26  Stalker  
  55  6:48  Warp Prism (Chrono Boost)  
  58  7:28  Zealot x2  
Tags
 
Add a new tag
Caveats
  • Supply blocks, unpowered buildings, or Contaminate may cause inaccurate times.
  • Supply counts are checked every 10 seconds.